 Dungeon Crawl Stone Soup version 0.29.0-7-g18a832c13a (webtiles) character file.

Game seed: 16399431310666386634

4 videwesjr the Grave Robber (level 1, -1/13 HPs)
             Began as a Vampire Necromancer on Aug 30, 2022.
             Slain by a kobold
             ... wielding a +0 short sword
              (3 damage)
             ... on level 1 of the Dungeon.
             The game lasted 00:04:19 (115 turns).

videwesjr the Grave Robber (Vampire Necromancer)     Turns: 115, Time: 00:04:20

Health: -1/13      AC:  3    Str:  7    XL:     1   Next: 50%
Magic:  3/3        EV: 11    Int: 17    God:
Gold:   7          SH:  0    Dex: 14    Spells: 3/4 levels left

rFire   . . .      SeeInvis +   c - +0 dagger
rCold   . . .      Faith    .   (no shield)
rNeg    . . .      Spirit   .   e - +0 leather armour
rPois   .          Reflect  .   (no helmet)
rElec   .          Harm     .   (no cloak)
rCorr   .          Rampage  .   (no gloves)
Will    .....                   (no boots)
Stlth   ++........              (no amulet)
HPRegen 0.24/turn               (no ring)
MPRegen 0.08/turn               (no ring)

@: healing quickly
A: alive, fangs 3, see invisible, vampiric 1
a: Exsanguinate


You were on level 1 of the Dungeon.
You visited 1 branch of the dungeon, and saw 1 of its levels.

You collected 7 gold pieces.

Inventory:

Hand Weapons
 c - a +0 dagger (weapon)
Missiles
 d - 4 stones
Armour
 a - a +0 robe
 e - a +0 leather armour (worn)
Scrolls
 f - a scroll of teleportation {unknown}
Potions
 b - a potion of magic


   Skills:
 + Level 2.1 Dodging
 + Level 3.2 Stealth
 + Level 2.1 Spellcasting
 + Level 4.4 Necromancy


You had 3 spell levels left.
You knew the following spells:

 Your Spells              Type           Power      Damage    Failure   Level
a - Necrotise             Necr           64%        1d7       4%          1

Your spell library contained the following spells:

 Spells                   Type           Power      Damage    Failure   Level
 Vampiric Draining        Necr           16%        2d7       14%         3
 Animate Dead             Necr           16%        N/A       43%         4
 Agony                    Necr           16%        N/A       78%         5


Dungeon Overview and Level Annotations

Branches:
Dungeon (1/15)

Altars:


Innate Abilities, Weirdness & Mutations

Your natural rate of healing is accelerated.
You have razor-sharp teeth.
You have supernaturally acute eyesight. (SInv)
You are afflicted with vampirism.


Message History

You are frozen.
* * * LOW HITPOINT WARNING * * *
You hit the endoplasm.
You kill the endoplasm!
A kobold comes into view. It is wielding a +0 short sword.
Found 4 stones.
The kobold shouts!
You hear a shout!
A bat comes into view.
A hobgoblin comes into view.
The bat moves out of view.
Found a blue potion.
The bat hits you but does no damage.
You see here a scroll labelled OLATHOCID ROWN.
f - a scroll labelled OLATHOCID ROWN The bat hits you but does no damage.
Your magic is already full.
The bat hits you.
* * * LOW HITPOINT WARNING * * *
The kobold closely misses you. The hobgoblin closely misses you.
The bat closely misses you.
The kobold hits you with a +0 short sword.
* * * LOW HITPOINT WARNING * * *
The hobgoblin closely misses you.
A ball python comes into view.
The bat misses you. The kobold closely misses you.
The hobgoblin closely misses you. The hobgoblin attacks as you move away!
The hobgoblin barely misses you. The kobold attacks as you move away!
The kobold barely misses you.
You barely miss the kobold. The kobold barely misses you.
The ball python hisses angrily.
You hit the kobold. You bite the kobold, but do no damage.
The kobold is moderately wounded.
The kobold barely misses you.
You hit the kobold. You bite the kobold, but do no damage.
The kobold is severely wounded.
The kobold hits you with a +0 short sword.
* * * LOW HITPOINT WARNING * * *
You barely miss the kobold.
The kobold is severely wounded.
The kobold hits you with a +0 short sword.
You die...

# ..# ......# ..#
#.#.#.####..##
#####.....##.....
................
#.(..........####...
...................
#........#########
#.......gK@...!...
######...#######'######
.....#.†.# #...#
#.....# #...# ###...#
###.K.### #...#
#......<#
#####..####.......####
#......#.............#
#......#......⌠......#


You could see a hobgoblin and 2 kobolds.

Vanquished Creatures
  An endoplasm (D:1)
  2 ball pythons (D:1)
  A kobold (D:1)
4 creatures vanquished.

Notes
Turn   | Place    | Note
-------+----------+-------------------------------------------
     0 | D:1      | videwesjr the Vampire Necromancer began the quest for the
                  | Orb.
     0 | D:1      | Reached XP level 1. HP: 13/13 MP: 3/3
   115 | D:1      | Slain by a kobold

Illustrated notes

Levels and vault maps discovered:
D:1:      minmay_arrival_cross, layout_rooms

Action                   || total
-------------------------++-------
Melee: Dagger            ||    17
       Bite              ||     4
       Unarmed           ||     1
Armor: Robe              ||     3
       Leather armour    ||     2
Dodge: Dodged            ||    17
